 Dungeon Crawl Stone Soup version 0.29-a0-648-g6b26cc9f40 (webtiles) character file.

Game seed: 7147466084784513566

127 Vylera the Insei (level 5, -1/37 HPs)
             Began as a Djinni Transmuter on June 21, 2022.
             Slain by an orc
             ... wielding a +0 dagger
              (2 damage)
             ... on level 3 of the Dungeon.
             The game lasted 00:05:21 (3173 turns).

Vylera the Insei (Djinni Transmuter)                Turns: 3173, Time: 00:05:22

Health: -1/37      AC:  2    Str: 11    XL:     5   Next: 33%
Gold:   87         EV: 12    Int: 14    God:
                   SH:  0    Dex: 18

rFire   + + .      SeeInvis .   h - +4 spear of Dim Light {pain, rElec Dex+4}
rCold   x . .      Faith    .   (no shield)
rNeg    . . .      Spirit   .   a - +0 robe
rPois   ∞          Reflect  .   (no helmet)
rElec   +          Harm     .   (no cloak)
rCorr   .          Rampage  .   (no gloves)
Will    .....                   (boots unavailable)
Stlth   ++........              (no amulet)
HPRegen 0.12/turn               (no ring)
MPRegen 0.00/turn               (no ring)

@: flying
A: sickness immunity, fire resistance 2, cold vulnerability 1, float, innate
caster, HP casting, extra vitality 1
a: no special abilities


You were on level 3 of the Dungeon.
You visited 1 branch of the dungeon, and saw 3 of its levels.

You collected 87 gold pieces.

Inventory:

Hand Weapons
 h - the +4 spear of Dim Light (weapon) {pain, rElec Dex+4}
   (You found it on level 2 of the Dungeon)

   In the hands of one skilled in necromantic magic, it inflicts extra damage on
   living creatures.
   Your inability to study Necromancy prevents you from drawing on the full
   power of this weapon.
   Dex:       It affects your dexterity (+4).
   rElec:     It insulates you from electricity.
Armour
 a - a +0 robe (worn)
Scrolls
 g - 2 scrolls of teleportation {unknown}
 i - a scroll of silence {unknown}
 l - a scroll of magic mapping {unknown}
Potions
 b - 2 potions of berserk rage {unknown}
 c - a potion of magic {unknown}
 d - 2 potions of degeneration {unknown}
 e - a potion of might {unknown}
 f - a potion of curing {unknown}
 j - a potion of haste {unknown}
 k - a potion of heal wounds {unknown}


   Skills:
 + Level 1.4 Fighting
 - Level 2.1 Dodging
 - Level 4.2 Unarmed Combat
 * Level 3.0 Spellcasting


You couldn't memorise any spells.
You knew the following spells:

 Your Spells              Type           Power      Damage    Failure   Level
a - Beastly Appendage     Tmut           20%        N/A       6%          1
b - Wereblood             Tmut           10%        N/A       10%         2
c - Spider Form           Tmut/Pois      10%        N/A       19%         3
d - Ice Form              Ice/Tmut       10%        N/A       52%         4
e - Summon Small Mammal   Summ           40%        N/A       6%          1
f - Blink                 Tloc           20%        N/A       10%         2
Your spell library was empty.

Dungeon Overview and Level Annotations

Branches:
Dungeon (3/15)

Altars:


Innate Abilities, Weirdness & Mutations

You are immune to sickness and miasma.
You are immune to poison.
Your flesh is very heat resistant. (rF++)
You are vulnerable to cold. (rC-)
You float through the air rather than walking.
You learn spells naturally, not from books.
Your magical power is your life essence.
You have superior vitality. (+4 MHP)


Message History

* * * LOW HITPOINT WARNING * * *
You hit something.
You feel a bit better.
Reactivating autopickup.
You feel a bit more experienced. The orc hits you but does no damage.
Your Spellcasting skill increases to level 3!
You barely miss the orc. You hit the orc.
The orc is severely wounded.
The orc misses you. The orc closely misses you.
You barely miss the orc.
The orc is severely wounded.
Your primal bloodlust is almost over.
The orc misses you. The orc hits you with a +0 club.
* * * LOW HITPOINT WARNING * * *
Unknown command.
You hit the orc.
You feel a bit better.
You kill the orc!
The orc hits you with a +0 club.
* * * LOW HITPOINT WARNING * * *
Unknown command.
You hit the orc.
The orc is almost dead.
The orc closely misses you. The orc barely misses you.
You hit the orc.
You feel a bit better.
You kill the orc!
The orc hits you with a +0 dagger.
* * * LOW HITPOINT WARNING * * *
You hit the orc.
The orc is almost dead.
You howl as the wereblood boils in your veins!
The orc barely misses you.
You hit the orc but do no damage.
The orc is almost dead.
Your primal bloodlust has ended.
The orc hits you with a +0 dagger.
* * * LOW HITPOINT WARNING * * *
You closely miss the orc.
The orc is almost dead.
The orc hits you with a +0 dagger.
You die...

#.##...## #.##
#.#.....## #...
#........## # ##...
###.........####
#....
..........>+...
#...
###.........####
#.. ##.......## #
###o### ##.....##
#..)@.# ##...##
#.###.# ##†## #.
#.# #.# #.###.# #.#
#.....# ##.##
###.#######...##
#.##.........######
#.##.####..........
#.##.#####.#.######


You could see an orc.

Vanquished Creatures
  An orc wizard (D:3)
  3 adders (D:2)
  4 worms
  2 dart slugs (D:2)
  3 orcs (D:3)
  3 ball pythons
  7 bats
  5 endoplasms
  3 giant cockroaches
  7 hobgoblins
  4 quokkas
  A frilled lizard (D:3)
  4 goblins
  5 kobolds
  4 rats
56 creatures vanquished.

Notes
Turn   | Place    | Note
-------+----------+-------------------------------------------
     0 | D:1      | Vylera the Djinni Transmuter began the quest for the Orb.
     0 | D:1      | Vylera set off with the following spells memorised: Beastly
                  | Appendage, Wereblood, Spider Form, Ice Form.
     0 | D:1      | Reached XP level 1. HP: 17/17 MP: 0/0
   376 | D:1      | Reached XP level 2. HP: 19/22 MP: 0/0
   809 | D:1      | HP: 1/22 [quokka (1)]
   818 | D:1      | Reached XP level 3. HP: 3/27 MP: 0/0
   818 | D:1      | Learned a level 1 spell: Summon Small Mammal
  2007 | D:2      | Reached XP level 4. HP: 30/32 MP: 0/0
  2019 | D:2      | Identified the +4 spear of Dim Light {pain, rElec Dex+4}
  2056 | D:2      | Reached skill level 4 in Unarmed Combat
  3155 | D:3      | Reached XP level 5. HP: 32/37 MP: 0/0
  3155 | D:3      | Learned a level 2 spell: Blink
  3172 | D:3      | HP: 1/37 [orc/+0 dagger (1)]
  3173 | D:3      | Slain by an orc

Illustrated notes

Levels and vault maps discovered:
D:1:      scummos_arrival_gate, layout_basic
D:2:      layout_basic, nrook_mini_vaults
D:3:      layout_loops_corners, uniq_natasha

Skill      XL: |  1  2  3  4  5 |
---------------+----------------+-----
Spellcasting   | 2 3 |  3.0
Unarmed Combat | 4 |  4.2
Fighting       | |  1.4
Dodging        | |  2.1

Action                   |  1- 3 |  4- 6 || total
-------------------------+-------+-------++-------
Melee: Unarmed           |   112 |     5 ||   117
       Headbutt          |    23 |       ||    23
       Punch             |     1 |       ||     1
       Spear             |       |    73 ||    73
 Cast: Beastly Appendage |    23 |     1 ||    24
       Wereblood         |       |     2 ||     2
  Use: Potion            |     1 |       ||     1
 Stab: Sleeping          |     1 |     2 ||     3
Armor: Robe              |    31 |     8 ||    39
       Skin              |     7 |       ||     7
Dodge: Dodged            |    87 |    34 ||   121

Table legend: (Time is in decaauts)
 A = Elapsed time spent in this place.
 B = Non-inter-level travel time spent in this place.
 C = Inter-level travel time spent in this place.
 D = Time resting spent in this place.
 E = Time spent auto-exploring this place.
 F = Levels seen in this place.
 G = Mean time per level.
                   A        B        C        D        E       F      G
               +--------+--------+--------+--------+--------+-----+--------+
         Total |   3171 |   3080 |     91 |    244 |   2434 |   3 | 1057.0 |
       Dungeon |   3171 |   3080 |     91 |    244 |   2434 |   3 | 1057.0 |
               +--------+--------+--------+--------+--------+-----+--------+

Top non-repeatable levels by time:
     D:2: 1543 daAuts
     D:1: 1233 daAuts
     D:3: 395 daAuts
